 Dungeon Crawl Stone Soup version 0.28.0 (webtiles) character file.

Game seed: 17129376467472852748

308 Crownlay the Skirmisher (level 6, -9/52 HPs)
             Began as a Demonspawn Abyssal Knight on Feb 17, 2022.
             Was a Believer of Lugonu.
             Blown up by Ijyb (11 damage)
             ... with a mindburst bolt
             ... on level 4 of the Dungeon.
             The game lasted 00:04:56 (4748 turns).

Crownlay the Skirmisher (Demonspawn Abyssal Knight) Turns: 4748, Time: 00:04:56

Health: -9/52      AC:  4    Str: 16    XL:     6   Next: 16%
Magic:  7/7        EV: 10    Int: 11    God:    Lugonu [**....]
Gold:   101        SH:  3    Dex: 13    Spells: 5/5 levels left

rFire   . . .      SeeInvis .   a - +1 spear
rCold   . . .      Faith    .   s - +0 buckler
rNeg    . . .      Spirit   .   b - +0 leather armour
rPois   .          Reflect  .   (helmet restricted)
rElec   .          Harm     .   (no cloak)
rCorr   .          Rampage  .   q - +0 pair of gloves
Will    .....                   (no boots)
Stlth   +.........              (no amulet)
HPRegen 0.17/turn               (no ring)
MPRegen 0.10/turn               (no ring)

@: no status effects
A: antennae 1, ignite blood 2
a: Renounce Religion, Depart the Abyss, Bend Space


You were on level 4 of the Dungeon.
You worshipped Lugonu.
Lugonu was pleased with you.
You visited 1 branch of the dungeon, and saw 4 of its levels.
You visited the Abyss 1 time.

You collected 101 gold pieces.

Inventory:

Hand Weapons
 a - a +1 spear (weapon)
Armour
 b - a +0 leather armour (worn)
 q - a +0 pair of gloves (worn)
 s - a +0 buckler (worn)
Wands
 i - a wand of iceblast (22)
Scrolls
 e - 2 scrolls of fear {unknown}
 f - a scroll of noise {unknown}
 h - 2 scrolls of teleportation {unknown}
 l - a scroll of identify {unknown}
 m - a scroll of enchant armour {unknown}
 o - a scroll of amnesia {unknown}
 p - a scroll of immolation {unknown}
Potions
 c - a potion of degeneration {unknown}
 d - a potion of lignification {unknown}
 g - 2 potions of curing {unknown}
 j - 2 potions of heal wounds {unknown}
 k - a potion of resistance {unknown}
 n - a potion of berserk rage {unknown}
 r - a potion of might


   Skills:
 * Level 6.0 Fighting
 + Level 3.6 Polearms
 - Level 1.7 Armour
 - Level 0.8 Dodging
 + Level 0.0 Shields
 - Level 2.4 Invocations


You had 5 spell levels left.
You didn't know any spells.
Your spell library was empty.

Dungeon Overview and Level Annotations

Branches:
Dungeon (4/15)
 Temple: D:4-7

Altars:

Annotations:
D:4 Ijyb


Innate Abilities, Weirdness & Mutations

You have a pair of small antennae on your head.
Your demonic aura often causes spilled blood to erupt in flames.


Message History

You climb downwards.
Found a buckler.
Found a stone staircase leading down and a stone staircase leading up.
There is a stone staircase leading up here.
Found a stone staircase leading down.
No target in view!
You see here a +0 buckler.
s - a +0 buckler You start putting on your armour.
You continue putting on your +0 buckler. x4
You finish putting on your +0 buckler.
You now have 101 gold pieces (gained 9).
Ijyb the Twisted Goblin comes into view.
She is wielding a +0 club and carrying a wand of mindburst (16).
Found a scroll labelled BYNGOSUUMO and a scroll labelled ESUJAR MASSYAT.
Ijyb zaps a wand.
Your mind is blasted!
Ijyb zaps a wand.
Your mind is blasted!
There is a stone staircase leading up here.
You climb upwards.
There is a stone staircase leading down here.
HP restored.
Done exploring.
You climb downwards.
Level annotation: Ijyb
There is a stone staircase leading up here.
Ijyb zaps a wand.
Your mind is blasted!
Ijyb drinks a potion.
Ijyb seems to grow stronger.
You reach to attack!
You hit Ijyb but do no damage. You closely miss Ijyb.
Ijyb hits you with a +0 club.
You are too injured to fight recklessly!
You are too injured to fight recklessly!
You are too injured to fight recklessly!
You are too injured to fight recklessly!
You are too injured to fight recklessly!
You hit Ijyb but do no damage. Ijyb hits you with a +0 club.
You barely miss Ijyb.
Ijyb zaps a wand.
Your mind is blasted!
* * * LOW HITPOINT WARNING * * *
You hit Ijyb but do no damage. You block Ijyb's attack.
There is a stone staircase leading up here.
Ijyb zaps a wand.
Your mind is blasted!
You die...

##...........
##..............
##......<........
##................
#...........°..>..
#.................
#................#
###..............#
##.....g@.....#
###.............#
###......#.########
##>......####
###........#
##.........##
#...........#
............#
.............#


You could see Ijyb (strong).

Vanquished Creatures
  Sigmund (D:2)
  Jessica (D:2)
  An orc wizard (D:3)
  Terence (D:3)
  An adder (D:2)
  A worm (D:2)
  3 dart slugs
  5 orcs (D:3)
  6 ball pythons
  5 bats (D:1)
  8 endoplasms
  2 giant cockroaches
  3 goblins (D:2)
  4 hobgoblins
  3 jackals (D:1)
  3 quokkas
  5 frilled lizards
  2 kobolds
  3 rats (D:1)
58 creatures vanquished.

Notes
Turn   | Place    | Note
-------+----------+-------------------------------------------
     0 | Abyss:1  | Crownlay the Demonspawn Abyssal Knight began the quest for
                  | the Orb.
     0 | Abyss:1  | Reached XP level 1. HP: 18/18 MP: 2/2
    34 | Abyss:1  | Noticed a large abomination
    47 | Abyss:1  | Noticed a thrashing horror
    49 | D:1      | Escaped the Abyss
   316 | D:1      | Reached * piety under Lugonu
   459 | D:1      | Gained mutation: Your demonic aura sometimes causes spilled
                  | blood to erupt in flames. [demonic ancestry]
   459 | D:1      | Reached XP level 2. HP: 24/24 MP: 3/3
   649 | D:1      | Found a faded altar of an unknown god.
  1317 | D:1      | Gained mutation: You have a pair of small antennae on your
                  | head. [demonic ancestry]
  1317 | D:1      | Reached XP level 3. HP: 30/30 MP: 4/4
  1561 | D:2      | Reached skill level 4 in Fighting
  1724 | D:2      | Noticed Jessica
  1736 | D:2      | Killed Jessica
  1924 | D:2      | Reached XP level 4. HP: 27/38 MP: 5/5
  2039 | D:2      | Noticed Sigmund
  2357 | D:2      | Killed Sigmund
  2358 | D:2      | Reached skill level 5 in Fighting
  2358 | D:2      | Gained mutation: Your demonic aura often causes spilled
                  | blood to erupt in flames. [demonic ancestry]
  2358 | D:2      | Reached XP level 5. HP: 24/44 MP: 6/6
  3415 | D:3      | Reached ** piety under Lugonu
  3590 | D:3      | Noticed Terence
  3623 | D:3      | Killed Terence
  3624 | D:3      | Reached XP level 6. HP: 9/52 MP: 7/7
  3953 | D:3      | Reached skill level 6 in Fighting
  4586 | D:4      | Noticed Ijyb
  4744 | D:4      | HP: 1/52 [disintegration (21)]
  4748 | D:4      | Blown up by Ijyb

Illustrated notes

Levels and vault maps discovered:
D:1:      minmay_arrival_radiant_lines, layout_basic,
          hellmonk_ecumenical_altar_run_dry, serial_curves, eino_curves_03,
          eino_curves_01, eino_curves_03, eino_curves_02,
          minmay_misc_feat_cross, nicolae_concentric_dashed_squares_wild
D:2:      layout_basic, uniq_sigmund, uniq_jessica
D:3:      layout_basic, uniq_terence
D:4:      layout_cave_pods, uniq_ijyb

Skill      XL: |  1  2  3  4  5  6 |
---------------+-------------------+-----
Polearms       | 2 3 |  3.6
Fighting       | 4 5 6 |  6.0
Armour         | |  1.7
Dodging        | |  0.8
Invocations    | |  2.4

Action                   |  1- 3 |  4- 6 || total
-------------------------+-------+-------++-------
Melee: Spear             |   124 |   142 ||   266
       Punch             |     1 |       ||     1
Invok: Depart the Abyss  |     1 |       ||     1
 Stab: Sleeping          |     1 |       ||     1
Armor: Leather armour    |    26 |    14 ||    40
Dodge: Dodged            |    57 |    52 ||   109
Block: Buckler           |       |     1 ||     1
